 Dungeon Crawl Stone Soup version 0.23-a0-241-g3b46b07 (webtiles) character file.

236 Felrender the Shield-Bearer (level 5, 0/47 HPs)
             Began as a Minotaur Fighter on Sept 26, 2018.
             Slain by an adder (1 damage)
             ... on level 2 of the Dungeon.
             The game lasted 00:04:42 (1148 turns).

Felrender the Shield-Bearer (Minotaur Fighter)      Turns: 1148, Time: 00:04:43

Health: 0/47       AC:  9    Str: 21    XL:     5   Next: 77%
Magic:  4/4        EV:  6    Int:  5    God:
Gold:   72         SH: 10    Dex: 10    Spells: 4/4 levels left

rFire    . . .     SeeInvis .   a - +0 long sword
rCold    . . .     Gourm    .   c - +0 shield
rNeg     . . .     Faith    .   h - +0 chain mail
rPois    .         Spirit   .   (helmet restricted)
rElec    .         Reflect  .   (no cloak)
rCorr    .         Harm     .   (no gloves)
MR       .....                  (no boots)
Stlth    ..........             (no amulet)
HPRegen  0.15/turn              (no ring)
MPRegen  0.09/turn              (no ring)

@: lethally poisoned (0 -> -12)
A: retaliatory headbutt, horns 2
a: no special abilities


You were on level 2 of the Dungeon.
You were not hungry.

You visited 1 branch of the dungeon, and saw 2 of its levels.

You collected 72 gold pieces.

Inventory:

Hand Weapons
 a - a +0 long sword (weapon)
 k - a +4 dagger
Armour
 b - a +0 scale mail
 c - a +0 shield (worn)
 h - a +0 chain mail (worn)
Scrolls
 e - a scroll of enchant weapon {unknown}
 l - a scroll of identify
 m - a scroll of teleportation
Potions
 d - a potion of magic {unknown}
 i - a potion of agility {unknown}
 j - a potion of degeneration {unknown}
Comestibles
 f - 2 rations
 g - a chunk of flesh


   Skills:
 + Level 4.5 Fighting
 + Level 4.2 Long Blades
 + Level 4.9 Armour
 + Level 1.0 Dodging
 + Level 5.3 Shields


You had 4 spell levels left.
You didn't know any spells.
Your spell library was empty.

Dungeon Overview and Level Annotations

Branches:
Dungeon (2/15)

Altars:


Innate Abilities, Weirdness & Mutations

You reflexively headbutt those who attack you in melee.
You have a pair of horns on your head.


Message History

* * * LOW HITPOINT WARNING * * *
You are lethally poisoned!
The adder poisons you!
You miss the adder.
The adder is heavily wounded.
* * * LOW HITPOINT WARNING * * *
You feel sick. The adder bites you but does no damage. The adder bites you.
* * * LOW HITPOINT WARNING * * *
You hit the adder but do no damage.
The adder is heavily wounded.
* * * LOW HITPOINT WARNING * * *
You feel sick. The adder barely misses you. The adder bites you.
* * * LOW HITPOINT WARNING * * *
You are more poisoned.
The adder poisons you!
You closely miss the adder.
The adder is heavily wounded.
* * * LOW HITPOINT WARNING * * *
You feel sick. The adder bites you.
You die...

........>.........
#...........).......
###...................
.....................
...................<
#.................[#
#...................
##..S.........######)
#..?@.....(....### ##
###........†.......#
#................#.#
#.#..............#..# #.
#...................
..................######
###..............#
#!.....#####...#
######## #...#


You could see an adder.

Vanquished Creatures
  Sigmund (D:2)
  2 adders (D:2)
  A gnoll (D:1)
  An adder zombie (D:2)
  A leopard gecko (D:1)
  7 goblins
  6 hobgoblins
  7 jackals
  A quokka (D:2)
  A ball python (D:1)
  A bat (D:1)
  2 frilled lizards
  4 kobolds
  10 rats
45 creatures vanquished.

Notes
Turn   | Place    | Note
-------+----------+-------------------------------------------
     0 | D:1      | Felrender the Minotaur Fighter began the quest for the Orb.
     0 | D:1      | Reached XP level 1. HP: 19/19 MP: 0/0
    84 | D:1      | Reached XP level 2. HP: 26/27 MP: 1/1
   214 | D:1      | Reached skill level 4 in Shields
   385 | D:1      | Reached XP level 3. HP: 29/33 MP: 2/2
   893 | D:2      | Reached XP level 4. HP: 27/40 MP: 3/3
   988 | D:2      | Noticed Sigmund
  1026 | D:2      | Killed Sigmund
  1026 | D:2      | Reached skill level 1 in Dodging
  1026 | D:2      | Reached skill level 5 in Shields
  1026 | D:2      | Reached XP level 5. HP: 6/47 MP: 4/4
  1148 | D:2      | HP: 1/47 [poisoned by an adder]
  1148 | D:2      | Slain by an adder

Vault maps used:
D:1:      dpeg_arrival_rooms_with_view, kennysheep_decorative_pillar,
          bh_walls_and_bars
D:2:      uniq_sigmund, uniq_jessica

Skill      XL: |  1  2  3  4 |
---------------+-------------+-----
Armour         | 4 |  4.9
Fighting       | 4 |  4.5
Shields        | 4 5 |  5.3
Long Blades    | 4 |  4.2
Dodging        | 1 |  1.0

Action                   |  1- 3 |  4- 6 || total
-------------------------+-------+-------++-------
Melee: Long sword        |   103 |    34 ||   137
       Headbutt          |    12 |     5 ||    17
  Use: Scroll            |     5 |       ||     5
       Potion            |       |     2 ||     2
  Eat: Chunk             |       |     1 ||     1
Armor: Scale mail        |     9 |       ||     9
       Chain mail        |    56 |    17 ||    73
Dodge: Dodged            |    28 |     3 ||    31
Block: Shield            |    72 |    11 ||    83
       Rpst.: Long sword |    11 |       ||    11

Table legend:
 A = Non-vault XP
 B = Vault XP
 C = Vault XP percentage of total XP
 D = Non-vault monster count
 E = Vault monster count
 F = Vault count percentage of total count
                 A         B        C        D         E       F
            +---------+---------+-------+---------+---------+-------
      Total |     107 |     231 |  68.3 |      42 |       3 |   6.7
            +---------+---------+-------+---------+---------+-------
        D:1 |      55 |       4 |   6.8 |      28 |       2 |   6.7
        D:2 |      52 |     227 |  81.4 |      14 |       1 |   6.7
            +---------+---------+-------+---------+---------+-------
